 Dungeon Crawl Stone Soup version 0.30-a0-371-gad7725a93e (webtiles) character file.

Game seed: 18257093665088686445

72 Drevant2 the Digger (level 4, -6/33 HPs)
             Began as a Draconian Earth Elementalist on Nov 20, 2022.
             Mangled by Crazy Yiuf
             ... wielding a +3 quarterstaff of chaos
              (15 damage)
             ... on level 2 of the Dungeon.
             The game lasted 00:04:17 (2031 turns).

Drevant2 the Digger (Draconian Earth Elementalist)  Turns: 2031, Time: 00:04:18

Health: -6/33      AC:  5    Str: 10    XL:     4   Next: 7%
Magic:  1/7        EV: 12    Int: 17    God:
Gold:   65         SH:  0    Dex: 12    Spells: 6/7 levels left

rFire   . . .      SeeInvis .    m - staff of poison
rCold   . . .      Faith    .    (no shield)
rNeg    . . .      Spirit   .    (body armour unavailable)
rPois   +          Reflect  .    (helmet restricted)
rElec   .          Harm     .    (no cloak)
rCorr   .          Rampage  .    (no gloves)
Will    .....                    (no boots)
Stlth   ++........               (no amulet)
HPRegen 0.25/turn                (no ring)
MPRegen 0.10/turn                (no ring)

@: lethally poisoned (-6 -> -10), very slightly contaminated
A: AC +5, unfitting armour, cold-blooded
a: no special abilities


You were on level 2 of the Dungeon.
You visited 1 branch of the dungeon, and saw 2 of its levels.

You collected 65 gold pieces.

Inventory:

Hand Weapons
 c - a +0 dagger
Magical Staves
 m - a staff of poison (weapon)
Scrolls
 b - a scroll of teleportation {unknown}
 f - 2 scrolls of vulnerability {unknown}
 h - a scroll of identify {unknown}
 i - a scroll of blinking {unknown}
 j - a scroll of fear {unknown}
 k - a scroll of enchant weapon {unknown}
 l - a scroll of immolation {unknown}
 p - a scroll of fog {unknown}
Potions
 a - a potion of magic
 d - a potion of heal wounds {unknown}
 e - 3 potions of berserk rage {unknown}
 g - a potion of lignification {unknown}
 n - a potion of curing {unknown}
 o - a potion of brilliance {unknown}


   Skills:
 + Level 1.2 Staves
 - Level 1.7 Dodging
 - Level 1.7 Stealth
 - Level 2.0 Spellcasting
 - Level 1.0 Transmutations
 + Level 4.7 Earth Magic


You had 6 spell levels left.
You knew the following spells:

 Your Spells              Type           Power      Damage    Failure   Level
a - Sandblast             Erth           34%        2d9       2%          1

Your spell library contained the following spells:

 Spells                   Type           Power      Damage    Failure   Level
 Passwall                 Tmut/Erth      9%         N/A       9%          2
 Kiss of Death            Conj/Necr      4%         2d5       19%         1
 Magic Dart               Conj           4%         1d3       19%         1
 Stone Arrow              Conj/Erth      18%        3d8       22%         3
 Call Imp                 Summ           1%         N/A       28%         2
 Confusing Touch          Hex            1%         N/A       50%         3
 Mephitic Cloud           Conj/Pois/Air  2%         N/A       50%         3
 Petrify                  Tmut/Erth      11%        N/A       52%         4
 Dispel Undead            Necr           1%         3d6       88%         4


Dungeon Overview and Level Annotations

Branches:
Dungeon (2/15)

Altars:

Annotations:
D:2 Crazy Yiuf


Innate Abilities, Weirdness & Mutations

Your plain brown scales are hard. (AC +5)
You cannot fit into any form of body armour.
You are cold-blooded and may be slowed by cold attacks.


Message History

Crazy Yiuf burns you.
* * * LOW HITPOINT WARNING * * *
Casting: Sandblast (safe; 2% risk of failure)
Confirm with . or Enter, or press ? or * to list all spells.
Aiming: Sandblast (safe; 2% risk of failure)
Press: ? - help, Shift-Dir - straight line, f/p - Crazy Yiuf
Aim: Crazy Yiuf, wielding a +3 quarterstaff of chaos and wearing a +0 cloak (moderately wounded, 84% to hit)
The blast of sand hits Crazy Yiuf.
Crazy Yiuf is heavily wounded.
Crazy Yiuf glowers.
Crazy Yiuf closely misses you.
Casting: Sandblast (safe; 2% risk of failure)
Confirm with . or Enter, or press ? or * to list all spells.
Aiming: Sandblast (safe; 2% risk of failure)
Press: ? - help, Shift-Dir - straight line, f/p - Crazy Yiuf
Aim: Crazy Yiuf, wielding a +3 quarterstaff of chaos and wearing a +0 cloak (heavily wounded, 84% to hit)
The blast of sand hits Crazy Yiuf!
Crazy Yiuf is almost dead.
Crazy Yiuf hits you with a +3 quarterstaff of chaos!
* * * LOW HITPOINT WARNING * * *
Crazy Yiuf barely misses you.
Unknown command.
Casting: Sandblast (safe; 2% risk of failure)
Confirm with . or Enter, or press ? or * to list all spells.
Aiming: Sandblast (safe; 2% risk of failure)
Press: ? - help, Shift-Dir - straight line, f/p - Crazy Yiuf
Aim: Crazy Yiuf, wielding a +3 quarterstaff of chaos and wearing a +0 cloak (almost dead, 84% to hit)
The blast of sand hits Crazy Yiuf but does no damage.
Crazy Yiuf is almost dead.
Crazy Yiuf hits you but does no damage.
You are poisoned.
Casting: Sandblast (safe; 2% risk of failure)
Confirm with . or Enter, or press ? or * to list all spells.
Aiming: Sandblast (safe; 2% risk of failure)
Press: ? - help, Shift-Dir - straight line, f/p - Crazy Yiuf
Aim: Crazy Yiuf, wielding a +3 quarterstaff of chaos and wearing a +0 cloak (almost dead, 84% to hit)
The blast of sand misses Crazy Yiuf.
You feel sick.
Crazy Yiuf grits, "Proton!"
Crazy Yiuf hits you with a +3 quarterstaff of chaos!
You die...

#.......#..#.####....#
#.#######..#.##....>.. #.#
#..#.......... ###
#######...÷... #....#...#
######## ####.....#
##.#..#.### ### ##....#
##......#..##...# ##.####
#......####@g...# #..#
#...#.## ###..)# #.##
#.##### ### #.# #..# #.#
##.# ####.#####
#.################......÷..
#...#.....#........########
###.#..............#
#.###.###....###.#


You could see Crazy Yiuf.

Vanquished Creatures
  An adder (D:2)
  2 worms (D:2)
  2 dart slugs (D:1)
  13 bats
  2 endoplasms
  A giant cockroach (D:2)
  4 goblins
  5 hobgoblins
  2 kobolds
  4 quokkas
  4 ball pythons
  5 frilled lizards
  6 rats
51 creatures vanquished.

Notes
Turn   | Place    | Note
-------+----------+-------------------------------------------
     0 | D:1      | Drevant2 the Draconian Earth Elementalist began the quest
                  | for the Orb.
     0 | D:1      | Reached XP level 1. HP: 14/14 MP: 3/3
   175 | D:1      | Reached XP level 2. HP: 18/20 MP: 0/5
   388 | D:1      | Reached skill level 4 in Earth Magic
   654 | D:1      | Reached XP level 3. HP: 23/26 MP: 6/6
  1468 | D:2      | Reached skill level 1 in Staves
  1767 | D:2      | Reached XP level 4. HP: 33/33 MP: 7/7
  1873 | D:2      | Found a runed translucent door.
  1874 | D:2      | Noticed Crazy Yiuf
  2031 | D:2      | Mangled by Crazy Yiuf

Illustrated notes

Levels and vault maps discovered:
D:1:      dpeg_arrival_boxes_within_box, layout_basic
D:2:      minmay_general_purpose_star, layout_loops_ring, feat_on_display,
          uniq_crazy_yiuf_cottage

Skill      XL: |  1  2  3 |
---------------+----------+-----
Earth Magic    | 4 |  4.7
Staves         | 1 |  1.2
Dodging        | |  1.7
Stealth        | |  1.7
Spellcasting   | |  2.0
Transmutations | |  1.0

Action                   |  1- 3 |  4- 6 || total
-------------------------+-------+-------++-------
Melee: Dagger            |    61 |       ||    61
       Tailslap          |    15 |     1 ||    16
       Staff             |    48 |     4 ||    52
 Cast: Sandblast         |    30 |     8 ||    38
 Stab: Sleeping          |     4 |       ||     4
Armor: Skin              |    60 |     2 ||    62
Dodge: Dodged            |   105 |     4 ||   109

Table legend: (Time is in decaauts)
 A = Elapsed time spent in this place.
 B = Non-inter-level travel time spent in this place.
 C = Inter-level travel time spent in this place.
 D = Time resting spent in this place.
 E = Time spent auto-exploring this place.
 F = Levels seen in this place.
 G = Mean time per level.
                   A        B        C        D        E       F      G
               +--------+--------+--------+--------+--------+-----+--------+
         Total |   2063 |   2006 |     57 |    283 |   1303 |   2 | 1031.5 |
       Dungeon |   2063 |   2006 |     57 |    283 |   1303 |   2 | 1031.5 |
               +--------+--------+--------+--------+--------+-----+--------+

Top non-repeatable levels by time:
     D:2: 1271 daAuts
     D:1: 792 daAuts
